 Dungeon Sprint DCSS version 0.24-a0-269-g32ec7ca (webtiles) character file.

Game seed: 5574269723787722756

23742 Arthanis the Devastator (level 12, -7/66 HPs)
             Began as a Deep Elf Air Elementalist on Apr 21, 2019.
             Was a High Priest of Sif Muna.
             Mangled by a spark wasp (15 damage)
             ... in the Dungeon (Sprint IX: "|||||||||||||||||||||||||||||").
             The game lasted 00:13:00 (1928 turns).

Arthanis the Devastator (Deep Elf Air Elementalist) Turns: 1928, Time: 00:13:01

Health: -7/66      AC:  7    Str:  5    XL:     12   Next: 74%
Magic:  15/33      EV: 16    Int: 26    God:    Sif Muna [*****.]
Gold:   386        SH:  5    Dex: 15    Spells: 4/42 levels left

rFire    + . .     SeeInvis +   n - staff of energy
rCold    x x .     Gourm    .   L - +0 buckler
rNeg     . . .     Faith    .   C - +1 leather armour "Fonipus" {+Inv rC- SInv}
rPois    .         Spirit   .   q - +0 helmet
rElec    .         Reflect  .   B - scarf {cloud immunity}
rCorr    .         Harm     .   F - +1 pair of gloves
MR       +....     NoTele   +   (no boots)
Stlth    ++........             (no amulet)
HPRegen  0.21/turn              b - ring of fire
MPRegen  0.23/turn              w - ring of wizardry

@: deflect missiles
A: no striking features
a: Divine Energy, Channel Magic, Forget Spell, Renounce Religion, Evoke
Invisibility


You were in the Dungeon.
You worshipped Sif Muna.
Sif Muna was extremely pleased with you.
You were not hungry.

You visited 1 branch You collected 1900 gold pieces.
You spent 1514 gold pieces at shops.

Inventory:

Hand Weapons
 j - a +0 short sword
 o - a +2 halberd of venom
 p - a +2 rapier of venom
Armour
 a - a +0 robe
 q - a +0 helmet (worn)
 x - a +0 pair of gloves
 y - a +0 cloak
 A - the +0 robe of Rationality {Dex+2}
   (You bought it in a shop in the Dungeon)

   It affects your dexterity (+2).
 B - a scarf of cloud immunity (worn)
 C - the +1 leather armour "Fonipus" (worn) {+Inv rC- SInv}
   (You bought it in a shop in the Dungeon)

   It makes you vulnerable to cold.
   It lets you see invisible.
   It lets you turn invisible.
 F - a +1 pair of gloves (worn)
 L - a +0 buckler (worn)
Magical Staves
 n - an uncursed staff of energy (weapon)
Jewellery
 b - a ring of fire (left hand)
 r - a +3 ring of dexterity
 s - a +2 ring of protection
 v - an uncursed ring of protection from cold
 w - a ring of wizardry (right hand)
 D - an uncursed ring of protection from cold
 E - an uncursed ring of see invisible
Wands
 m - a wand of iceblast (9)
 z - a wand of paralysis (5)
Scrolls
 i - 4 scrolls of blinking
 k - 3 scrolls of remove curse
 l - 2 scrolls of amnesia
 t - a scroll of enchant armour
 u - 2 scrolls of fog
 H - 2 scrolls of enchant weapon
 I - 2 scrolls of fear
 J - a scroll of identify
Potions
 d - 8 potions of curing
 e - a potion of berserk rage
 f - 2 potions of haste
 g - 3 potions of magic
 h - 5 potions of heal wounds
 G - a potion of agility
Comestibles
 c - 23 rations
 K - 8 chunks of flesh


   Skills:
 - Level 4.0 Fighting
 - Level 4.1 Armour
 + Level 7.9 Dodging
 - Level 3.1 Stealth
 + Level 3.8 Shields
 + Level 15.7 Spellcasting
 * Level 18.1 Conjurations
 * Level 14.3 Fire Magic
 - Level 6.1 Ice Magic
 - Level 12.0 Air Magic
 - Level 12.0 Invocations
 - Level 12.0 Evocations


You had 4 spell levels left.
You knew the following spells:

 Your Spells              Type           Power        Failure   Level  Hunger
a - Shock                 Conj/Air       ####         0%          1    None
b - Lightning Bolt        Conj/Air       #######...   1%          5    None
c - Bolt of Fire          Conj/Fire      ########..   1%          6    None
d - Swiftness             Chrm/Air       ######..     1%          2    None
e - Orb of Destruction    Conj           #######...   1%          7    None
f - Conjure Flame         Conj/Fire      ########     0%          3    None
g - Freezing Cloud        Conj/Ice/Air   ######....   1%          6    None
h - Deflect Missiles      Chrm/Air       ######....   21%         6    None
i - Blink                 Tloc           N/A          2%          2    None

Your spell library contained the following spells:

 Spells                   Type           Power        Failure   Level  Hunger
 Flame Tongue             Conj/Fire      #####        0%          1    None
 Magic Dart               Conj           ####         0%          1    None
 Searing Ray              Conj           ######       0%          2    None
 Apportation              Tloc           ###...       1%          1    None
 Freeze                   Ice            ####         1%          1    None
 Sting                    Conj/Pois      ####         1%          1    None
 Throw Frost              Conj/Ice       ######       1%          2    None
 Dazzling Spray           Conj/Hex       ######       1%          3    None
 Mephitic Cloud           Conj/Pois/Air  ######..     1%          3    None
 Ozocubu's Armour         Chrm/Ice       #####...     1%          3    None
 Static Discharge         Conj/Air       #######.     1%          3    None
 Airstrike                Air            ######....   1%          4    None
 Force Lance              Conj/Tloc      ######..     1%          4    None
 Fulminant Prism          Conj/Hex       ######....   1%          4    None
 Iskenderun's Mystic Bla  Conj           #######.     1%          4    None
 Sticky Flame             Conj/Fire      ########     1%          4    None
 Throw Icicle             Conj/Ice       ######..     1%          4    None
 Call Imp                 Summ           ###.....     2%          2    None
 Slow                     Hex            ###.....     2%          2    None
 Spider Form              Tmut/Pois      ###.......   4%          3    None
 Summon Ice Beast         Ice/Summ       #####...     4%          4    None
 Cause Fear               Hex            ###.......   16%         4    None
 Olgreb's Toxic Radiance  Pois           ###.....     16%         4    None
 Bolt of Draining         Conj/Necr      ######....   1%          5    None
 Bolt of Magma            Conj/Fire/Erth #######...   1%          5    None
 Fireball                 Conj/Fire      ########..   1%          5    None
 Irradiate                Conj/Tmut      ######....   1%          5    None
 Venom Bolt               Conj/Pois      ######....   1%          5    None
 Bolt of Cold             Conj/Ice       ######....   1%          6    None
 Conjure Ball Lightning   Conj/Air       #######...   1%          6    None
 Silence                  Hex/Air        ######....   4%          5    None
 Iron Shot                Conj/Erth      ######....   6%          6    None
 Poison Arrow             Conj/Pois      ######....   6%          6    None
 Chain Lightning          Conj/Air       #######...   22%         8    None
 Ignition                 Fire           #######...   30%         8    None
 Spellforged Servitor     Conj/Summ      ######....   32%         7    None
 Summon Forest            Summ/Tloc      ###.......   41%         5    None
 Yara's Violent Unravell  Hex/Tmut       ###.......   41%         5    None
 Ring of Flames           Chrm/Fire      ######....   56%         7    None
 Fire Storm               Conj/Fire      ########..   89%         9    None
 Dispersal                Tloc           ###.......   91%         6    None
 Invisibility             Hex            ###.....     91%         6    None
 Lehudib's Crystal Spear  Conj/Erth      ######....   92%         8    None
 Discord                  Hex            ###.......   100%        8    None


Dungeon Overview and Level Annotations

Branches:
Dungeon (1/1)

Altars:
Cheibriados
Dithmenos
Elyvilon
Fedhas
Gozag
Hepliaklqana
Kikubaaqudgha
Makhleb
Nemelex Xobeh
Okawaru
Qazlal
Ru
Sif Muna
Trog
Uskayaw
Vehumet
Wu Jian
Xom
Yredelemnul
Zin
The Shining One
Beogh
Jiyva
Lugonu

Shops:
D [[:


Message History

The spark wasp is lightly wounded.
The spark wasp buzzes angrily.
The tarantella hisses angrily.
The wolf spider hisses angrily.
The spark wasp barely misses you. The ghost moth stares at you.
You feel your power leaking away.
You hear an angry hiss.
Casting: Orb of Destruction (safe; 1% risk of failure)
Confirm with . or Enter, or press ? or * to list all spells.
Aiming: Orb of Destruction (safe; 1% risk of failure)
Press: ? - help, Shift-Dir - straight line, f/p - spark wasp
Aim: a spark wasp (lightly wounded)
The wavering orb of destruction weakly hits the spark wasp!!
The spark wasp is heavily wounded.
You hear an angry hiss.
The spark wasp stings you!! The spark wasp shocks you!
The spark wasp stings you!!
* * * LOW HITPOINT WARNING * * *
The spark wasp shocks you!
You die...

.▓.▓.▓.▓)▓.▓'▓.▓
'▓.▓'▓.▓)▓.▓.▓.▓.▓
_▓.▓.▓.▓'▓.▓.▓.▓s▓
_▓.▓.▓.▓.▓.▓.▓.▓y▓
_▓.▓.▓.▓(▓.▓.▓.▓s▓
_▓.▓.▓.▓.▓.▓.▓.▓s▓
_▓.▓.▓.▓.▓.▓.▓.▓s▓
_▓.▓÷▓.▓.▓.▓.▓.▓y▓
_▓.▓.▓.▓.▓.▓.▓.▓@▓
_▓.▓.▓.▓.▓.▓.▓.▓.▓
_▓.▓.▓.▓.▓.▓.▓.▓.▓
_▓.▓÷▓.▓)▓.▓[▓.▓†▓
_▓.▓.▓.▓)▓.▓[▓.▓.▓
_▓.▓.▓.▓)▓.▓[▓.▓.▓
_▓.▓.▓.▓)▓.▓[▓.▓÷▓
_▓.▓.▓.▓'▓.▓[▓.▓)▓
_▓.▓÷▓.▓.▓.▓[▓.▓)▓


You could see a ghost moth (invisible), a spark wasp, a wolf spider, a jumping
spider, a tarantella and a redback.

Vanquished Creatures
  Nessos (D)
  A great orb of eyes (D)
  3 hydras (D)
  2 ghost crabs (D)
  An anaconda (D)
  An orc high priest (D)
  2 shock serpents (D)
  Sonja (D)
  A glowing orange brain (D)
  An unseen horror (D)
  A flayed ghost (D)
  4 lindwurms (D)
  A mana viper (D)
  A mana viper (shapeshifter) (D)
  4 orc knights (D)
  2 ugly things (D)
  A salamander (D)
  3 black mambas (D)
  3 spiny frogs (D)
  2 komodo dragons (D)
  3 tengu conjurers (D)
  A hornet (D)
  3 tyrant leeches (D)
  A hippogriff (D)
  2 bog bodies (D)
  A yak (D)
  A wraith (D)
  A hungry ghost (D)
  A naga (D)
  3 water moccasins (D)
  2 porcupines (D)
  A swamp drake (D)
  20 orc warriors (D)
  2 eyes of draining (D)
  2 centaurs (D)
  A wolf (D)
  7 crocodiles (D)
  2 bullfrogs (D)
  A killer bee (D)
  2 jellies (D)
  An orc priest (D)
  2 orc wizards (D)
  2 adder skeletons (D)
  A worm (D)
  A leopard gecko (D)
  13 orcs (D)
  2 bat zombies (D)
  A hobgoblin (D)
  A jackal (D)
  A kobold (D)
  A ball python skeleton (D)
  A bat (D)
  A frilled lizard (D)
121 creatures vanquished.

Notes
Turn   | Place    | Note
-------+----------+-------------------------------------------
     0 | D        | Arthanis the Deep Elf Air Elementalist began the quest for
                  | the Orb.
     0 | D        | Reached XP level 1. HP: 10/10 MP: 6/6
     4 | D        | Reached skill level 2 in Conjurations
    35 | D        | Noticed a jelly
    35 | D        | Noticed a centaur
    39 | D        | Reached XP level 2. HP: 13/15 MP: 3/8
    39 | D        | Reached skill level 3 in Conjurations
    44 | D        | Killed a centaur
    44 | D        | Reached skill level 5 in Spellcasting
    44 | D        | Reached skill level 6 in Conjurations
    44 | D        | Reached XP level 3. HP: 14/19 MP: 3/12
    44 | D        | Reached XP level 4. HP: 18/24 MP: 3/13
    61 | D        | Found a roughly hewn altar of Beogh.
    61 | D        | Found a snail-covered altar of Cheibriados.
    61 | D        | Found a shadowy altar of Dithmenos.
    61 | D        | Found a white marble altar of Elyvilon.
    61 | D        | Found a blossoming altar of Fedhas.
    61 | D        | Found an opulent altar of Gozag.
    62 | D        | Found a hazy altar of Hepliaklqana.
    63 | D        | Found a viscous altar of Jiyva.
    64 | D        | Found an ancient bone altar of Kikubaaqudgha.
    65 | D        | Found a corrupted altar of Lugonu.
    66 | D        | Found a burning altar of Makhleb.
    67 | D        | Found a sparkling altar of Nemelex Xobeh.
    68 | D        | Found an iron altar of Okawaru.
    69 | D        | Found a stormy altar of Qazlal.
    70 | D        | Found a sacrificial altar of Ru.
    71 | D        | Found a deep blue altar of Sif Muna.
    72 | D        | Found a bloodstained altar of Trog.
    73 | D        | Found a hide-covered altar of Uskayaw.
    74 | D        | Found a radiant altar of Vehumet.
    75 | D        | Found an ornate altar of the Wu Jian Council.
    76 | D        | Found a shimmering altar of Xom.
    77 | D        | Found a basalt altar of Yredelemnul.
    78 | D        | Found a glowing silver altar of Zin.
    79 | D        | Became a worshipper of Sif Muna the Loreminder
    80 | D        | Found a glowing golden altar of the Shining One.
   206 | D        | Noticed a centaur
   206 | D        | Noticed a wraith
   206 | D        | Noticed an eye of draining
   210 | D        | Killed a centaur
   210 | D        | Reached * piety under Sif Muna
   210 | D        | Reached skill level 7 in Conjurations
   210 | D        | Reached XP level 5. HP: 28/28 MP: 1/16
   214 | D        | Reached skill level 8 in Conjurations
   214 | D        | Reached XP level 6. HP: 32/32 MP: 14/18
   215 | D        | Reached ** piety under Sif Muna
   215 | D        | Reached skill level 9 in Conjurations
   218 | D        | Killed a wraith
   218 | D        | Reached *** piety under Sif Muna
   226 | D        | Noticed a hungry ghost
   226 | D        | Noticed a hippogriff
   226 | D        | Noticed a water moccasin
   228 | D        | Reached XP level 7. HP: 36/36 MP: 12/21
   231 | D        | Reached skill level 10 in Conjurations
   231 | D        | Reached skill level 5 in Evocations
   236 | D        | Reached skill level 10 in Air Magic
   237 | D        | Killed a hippogriff
   237 | D        | Reached **** piety under Sif Muna
   237 | D        | Reached skill level 11 in Conjurations
   240 | D        | Killed a hungry ghost
   240 | D        | Reached skill level 10 in Spellcasting
   240 | D        | Reached XP level 8. HP: 41/41 MP: 3/24
   252 | D        | Learned a level 5 spell: Lightning Bolt
   365 | D        | Reached skill level 1 in Invocations
   366 | D        | Reached ***** piety under Sif Muna
   366 | D        | Identified Sif Muna's Papyrus of Transformation and Attacks
                  | (Sif Muna gifted it to you in the Dungeon)
   366 | D        | Received a gift from Sif Muna
   367 | D        | Reached skill level 12 in Conjurations
   368 | D        | Noticed a komodo dragon
   371 | D        | Killed a komodo dragon
   371 | D        | Reached skill level 5 in Invocations
   371 | D        | Reached XP level 9. HP: 42/45 MP: 2/26
   402 | D        | Learned a level 6 spell: Bolt of Fire
   429 | D        | Learned a level 2 spell: Swiftness
   431 | D        | Noticed a spiny frog
   431 | D        | Noticed a komodo dragon
   431 | D        | Noticed a spiny frog
   432 | D        | Killed a spiny frog
   432 | D        | Identified Lauxtuy's Volume of Confrontation (Sif Muna
                  | gifted it to you in the Dungeon)
   432 | D        | Received a gift from Sif Muna
   434 | D        | Killed a spiny frog
   434 | D        | Reached skill level 13 in Conjurations
   434 | D        | Killed a komodo dragon
   438 | D        | Reached skill level 5 in Fire Magic
   463 | D        | Learned a level 7 spell: Orb of Destruction
   467 | D        | Learned a level 3 spell: Conjure Flame
   661 | D        | Noticed a lindwurm
   661 | D        | Noticed a tyrant leech
   661 | D        | Noticed a lindwurm
   661 | D        | Noticed a tyrant leech
   661 | D        | Noticed a lindwurm
   664 | D        | Noticed a lindwurm
   665 | D        | Killed a lindwurm
   665 | D        | Identified Sif Muna's Reference Book on Displaced
                  | Intoxication (Sif Muna gifted it to you in the Dungeon)
   665 | D        | Received a gift from Sif Muna
   666 | D        | Killed a tyrant leech
   666 | D        | Reached XP level 10. HP: 48/50 MP: 18/28
   667 | D        | Killed a lindwurm
   667 | D        | Reached skill level 14 in Conjurations
   667 | D        | Killed a lindwurm
   668 | D        | Killed a lindwurm
   674 | D        | Reached skill level 10 in Invocations
   863 | D        | Noticed Sonja
   866 | D        | Killed Sonja
   866 | D        | Identified Sif Muna's Reference Book on Conjuration (Sif
                  | Muna gifted it to you in the Dungeon)
   866 | D        | Received a gift from Sif Muna
   954 | D        | Noticed an orc high priest
   958 | D        | Noticed an orange demon
   958 | D        | Killed an orc high priest
   958 | D        | Reached skill level 15 in Conjurations
   958 | D        | Reached skill level 10 in Evocations
  1017 | D        | Received a gift from Sif Muna
  1018 | D        | Noticed an orc knight
  1027 | D        | Reached XP level 11. HP: 26/54 MP: 22/30
  1032 | D        | Killed an orc knight
  1032 | D        | Reached skill level 10 in Fire Magic
  1077 | D        | Learned a level 6 spell: Freezing Cloud
  1084 | D        | Learned a level 6 spell: Deflect Missiles
  1187 | D        | Found Emynnuli's Book Boutique.
  1187 | D        | Noticed an orc knight
  1197 | D        | Killed an orc knight
  1211 | D        | Found Dipsulitee's Food Shop.
  1215 | D        | Found Riet Nulil's Armour Boutique.
  1219 | D        | Noticed an orc knight
  1221 | D        | Found Umys's Antique Armour Shop.
  1224 | D        | Noticed an orc knight
  1226 | D        | Killed an orc knight
  1230 | D        | Killed an orc knight
  1230 | D        | Identified Sif Muna's Compendium of Attacks (Sif Muna
                  | gifted it to you in the Dungeon)
  1230 | D        | Received a gift from Sif Muna
  1230 | D        | Reached skill level 16 in Conjurations
  1263 | D        | Bought a faintly humming robe for 148 gold pieces
  1263 | D        | Bought an embroidered scarf for 208 gold pieces
  1265 | D        | Bought the +1 leather armour "Fonipus" {+Inv rC- SInv} for
                  | 218 gold pieces
  1269 | D        | Bought a book of Minor Magic for 280 gold pieces
  1271 | D        | Bought a ration for 60 gold pieces
  1271 | D        | Bought a ration for 60 gold pieces
  1271 | D        | Bought a ration for 60 gold pieces
  1271 | D        | Bought a ration for 60 gold pieces
  1271 | D        | Bought a ration for 60 gold pieces
  1271 | D        | Bought a ration for 60 gold pieces
  1271 | D        | Bought a ration for 60 gold pieces
  1271 | D        | Bought a ration for 60 gold pieces
  1271 | D        | Bought a ration for 60 gold pieces
  1271 | D        | Bought a ration for 60 gold pieces
  1271 | D        | Bought a ration for 60 gold pieces
  1271 | D        | Identified the +0 robe of Rationality {Dex+2} (You bought
                  | it in a shop in the Dungeon)
  1287 | D        | Learned a level 2 spell: Blink
  1533 | D        | Noticed a four-headed hydra
  1533 | D        | Noticed an unseen horror
  1533 | D        | Noticed a white ugly thing
  1535 | D        | Killed an unseen horror
  1535 | D        | Reached skill level 1 in Ice Magic
  1536 | D        | Killed a white ugly thing
  1536 | D        | Reached skill level 1 in Fighting
  1536 | D        | Reached skill level 1 in Armour
  1537 | D        | Killed a four-headed hydra
  1540 | D        | Noticed a mana viper
  1543 | D        | Killed a mana viper
  1549 | D        | Received a gift from Sif Muna
  1549 | D        | Noticed a brown ugly thing
  1551 | D        | Noticed a great orb of eyes
  1552 | D        | Noticed a glowing orange brain
  1554 | D        | Killed a brown ugly thing
  1554 | D        | Noticed a flayed ghost
  1557 | D        | Killed a great orb of eyes
  1561 | D        | Killed a flayed ghost
  1561 | D        | Reached skill level 5 in Dodging
  1570 | D        | Killed a glowing orange brain
  1570 | D        | Reached XP level 12. HP: 64/64 MP: 13/32
  1727 | D        | Noticed Nessos
  1738 | D        | Killed Nessos
  1738 | D        | Reached skill level 17 in Conjurations
  1777 | D        | Noticed a seven-headed hydra
  1777 | D        | Noticed a six-headed hydra
  1777 | D        | Noticed a ghost crab
  1778 | D        | Reached skill level 1 in Shields
  1781 | D        | Killed a ghost crab
  1781 | D        | Identified Sif Muna's Handbook of Enthralling Heat (Sif
                  | Muna gifted it to you in the Dungeon)
  1781 | D        | Received a gift from Sif Muna
  1782 | D        | Killed a six-headed hydra
  1782 | D        | Reached skill level 15 in Spellcasting
  1782 | D        | Killed a seven-headed hydra
  1782 | D        | Reached skill level 5 in Ice Magic
  1785 | D        | Noticed a ghost crab
  1789 | D        | Killed a ghost crab
  1838 | D        | Noticed an anaconda
  1844 | D        | Identified Sif Muna's Reference Book on Confrontation (Sif
                  | Muna gifted it to you in the Dungeon)
  1844 | D        | Received a gift from Sif Muna
  1845 | D        | Killed an anaconda
  1849 | D        | Reached skill level 18 in Conjurations
  1926 | D        | Noticed a ghost moth
  1926 | D        | Noticed a spark wasp
  1928 | D        | Mangled by a spark wasp

Levels and vault maps discovered:
D:        linesprint [early_d, line_temple, items_1, d_10, items_2, lair_1,
          lair_end, items_3, orc_1, orc_end, items_4, d_15, swamp_1, shoals_1,
          snake_1, spider_1, d_20, vaults_1, items_5, swamp_end, shoals_end,
          snake_end, spider_end, vaults_end, d_27, items_6, zot_1, zot_end,
          crypt_end, forest_end, elf_end, slime_end, tomb_end, abyss_end,
          pan_hell_end]

Skill      XL: |  1  2  3  4  5  6  7  8  9 10 11 12 |
---------------+-------------------------------------+-----
Conjurations   | 2 6 7 8 9 11 12 13 15 16 18 | 18.1
Air Magic      | 6 7 8 9 10 11 12 | 12.0
Spellcasting   | 5 7 8 10 11 12 13 14 15 | 15.7
Evocations     | 2 3 4 6 7 8 10 11 12 | 12.0
Invocations    | 5 8 11 12 | 12.0
Fire Magic     | 6 9 12 14 | 14.3
Dodging        | 5 7 |  7.9
Stealth        | 3 |  3.1
Ice Magic      | 4 6 |  6.1
Fighting       | 3 4 |  4.0
Armour         | 3 4 |  4.1
Shields        | 3 |  3.8

Action                   |  1- 3 |  4- 6 |  7- 9 | 10-12 || total
-------------------------+-------+-------+-------+-------++-------
Melee: Short sword       |     3 |     4 |       |       ||     7
 Cast: Shock             |     6 |    11 |    12 |     4 ||    33
       Lightning Bolt    |       |       |    16 |    77 ||    93
       Conjure Flame     |       |       |     1 |     7 ||     8
       Orb of Destructio |       |       |       |    14 ||    14
       Bolt of Fire      |       |       |       |    16 ||    16
       Freezing Cloud    |       |       |       |     3 ||     3
       Deflect Missiles  |       |       |       |     1 ||     1
Invok: Channel Magic     |       |       |     3 |    21 ||    24
Evoke: Wand              |       |       |     1 |       ||     1
       Staff of energy   |       |       |       |     1 ||     1
  Use: Potion            |     2 |     2 |     1 |     1 ||     6
       Scroll            |       |       |       |     1 ||     1
  Eat: Chunk             |       |       |       |    10 ||    10
Armor: Robe              |       |     1 |     1 |       ||     2
Dodge: Dodged            |     5 |     1 |     6 |     9 ||    21
       Deflected         |       |       |       |     3 ||     3

Table legend:
 A = Non-vault XP
 B = Vault XP
 C = Vault XP percentage of total XP
 D = Non-vault monster count
 E = Vault monster count
 F = Vault count percentage of total count
                 A         B        C        D         E       F
            +---------+---------+-------+---------+---------+-------
      Total |       0 |   33918 | 100.0 |       0 |     121 | 100.0
            +---------+---------+-------+---------+---------+-------
          D |       0 |   33918 | 100.0 |       0 |     121 | 100.0
            +---------+---------+-------+---------+---------+-------
